Map: Catalyst LE

Players

ChB

  • Race: Terran Terran
  • League: Diamond
  • Spawn Location: 5:00

Gerodar - Winner!

  • Race: Zerg Zerg
  • League: Diamond
  • Spawn Location: 11:00

VOD

Have the link to the VOD?

Description

Time

  • Played on: May 31, 2018, 2:07 p.m.
  • Length: 15:27
Show
View Real Time Build Order
Export as new Build Order

ChB Terran 

Build Orders: Reaper Expand, MMM Bio 

Get SALT Encoding   

  12  0:00  SCV  
  13  0:12  SCV  
  14  0:17  Supply Depot  
  14  0:25  SCV  
  15  0:39  SCV  
  15  0:40  Barracks  
  16  0:45  Refinery  
  16  0:51  SCV  
  17  1:03  SCV  
  18  1:15  SCV  
  19  1:27  Orbital Command  
  19  1:28  Reaper  
  20  1:44  Command Center  
  20  1:53  SCV  
  21  2:01  Barracks  
  21  2:02  Marine  
  21  2:07  SCV  
  23  2:11  Refinery  
  23  2:16  Supply Depot  
  23  2:22  Barracks Reactor  
  23  2:38  SCV  
  24  2:49  Barracks Tech Lab  
  24  2:50  SCV  
  25  2:52  Factory  
  25  2:58  Marine  
  25  2:59  Marine  
  25  3:02  SCV  
  25  3:05  Orbital Command  
  28  3:11  Supply Depot  
  28  3:15  Stimpack, Marine  
  28  3:16  Marine  
  28  3:17  Marine  
  31  3:20  SCV  
  32  3:33  SCV x2, Marine  
  35  3:37  Engineering Bay  
  35  3:38  Marine  
  35  3:40  Factory Reactor  
  36  3:49  Starport  
  36  4:00  SCV x2  
  38  4:04  Supply Depot  
  38  4:06  Engineering Bay  
  38  4:08  Marine x2  
  40  4:17  SCV x2  
  40  4:21  Terran Infantry Weapons Level 1  
  42  4:25  Refinery  
  42  4:28  Refinery  
  42  4:29  SCV  
  42  4:30  SCV  
  44  4:34  Terran Infantry Armor Level 1, Factory Tech Lab  
  44  4:36  Marine  
  45  4:39  Medivac  
  45  4:41  SCV  
  45  4:42  Medivac  
  45  4:44  SCV  
  45  4:45  Marine  
  51  4:49  Marine  
  53  4:53  Marine  
  53  4:54  SCV  
  53  4:59  SCV  
  56  5:03  Marine  
  56  5:06  SCV  
  56  5:07  Marine  
  58  5:09  Medivac  
  58  5:11  Marine  
  62  5:16  Supply Depot  
  62  5:29  Supply Depot  
  62  5:38  Siege Tank, SCV x2, Marine x2  
  69  5:43  Supply Depot x2  
  69  5:50  SCV  
  69  5:51  SCV, Viking  
  69  5:52  Armory  
  73  6:10  Siege Tank  
  76  6:11  Liberator  
  75  6:27  Marine x3  
  81  6:37  SCV x2  
  83  6:43  Command Center  
  83  6:44  Combat Shield  
  83  6:45  Marine x3, Command Center  
  83  6:46  Barracks  
  86  6:47  Barracks  
  86  6:52  Terran Infantry Armor Level 2  
  86  6:53  SCV  
  86  6:59  Terran Infantry Weapons Level 2  
  86  7:04  SCV  
  86  7:05  Marine x2  
  89  7:09  SCV  
  90  7:27  Marine x3  
  90  7:29  Siege Tank, Medivac  
  87  7:41  SCV  
  87  7:42  SCV  
  87  7:44  Barracks Reactor  
  89  7:45  Marine  
  89  7:46  Barracks Reactor  
  89  7:50  Barracks  
  90  7:52  Terran Vehicle Weapons Level 1  
  90  7:53  SCV, Barracks  
  90  7:54  SCV  
  90  7:58  Orbital Command x2  
  92  8:01  Siege Tank  
  92  8:02  Concussive Shells  
  92  8:05  Marine x2  
  97  8:17  SCV x2  
  99  8:27  Marine x2  
  99  8:28  Marauder, Marine x2  
  99  8:29  SCV x2  
  99  8:31  Sensor Tower  
  99  8:32  Sensor Tower  
  99  8:33  Siege Tank  
  110  8:38  Missile Turret  
  110  8:40  Supply Depot  
  107  8:41  Missile Turret  
  107  8:43  SCV x2  
  107  8:44  Orbital Command  
  107  8:45  Missile Turret  
  109  9:09  Orbital Command  
  85  9:26  Marine x2  
  85  9:27  Marine x7  
  85  9:29  Siege Tank  
  95  9:35  SCV x3  
  95  9:36  Missile Turret, SCV  
  99  9:42  Terran Infantry Weapons Level 3  
  99  9:44  Marine x4  
  103  9:47  SCV  
  103  9:49  SCV  
  103  9:50  SCV  
  106  9:56  Supply Depot x2, Barracks Tech Lab  
  106  10:00  Missile Turret  
  106  10:01  Siege Tank, Missile Turret  
  106  10:02  Marine x4  
  106  10:03  Missile Turret, Marine x2  
  106  10:05  Missile Turret  
  106  10:06  Marine x2  
  101  10:15  SCV x2  
  101  10:17  Refinery  
  101  10:18  Marine  
  101  10:19  Refinery, Orbital Command  
  101  10:20  Marine x4  
  101  10:21  Missile Turret, Marine x2  
  102  10:23  SCV  
  102  10:27  SCV  
  99  10:33  Marine x2  
  99  10:35  Missile Turret  
  101  10:36  Marine  
  101  10:40  Medivac  
  101  10:41  Marine x2, Medivac  
  101  10:42  SCV x2  
  109  10:50  SCV x2, Marine x2  
  109  10:54  SCV  
  114  11:00  Marine x4  
  114  11:01  Missile Turret  
  118  11:04  Missile Turret  
  118  11:07  Marine x3  
  118  11:08  Marine x2  
  118  11:10  Medivac  
  125  11:16  Unknown  
  125  11:17  Unknown x2, Marine  
  125  11:18  Marine x3  
  125  11:19  Siege Tank  
  125  11:25  Marine x3  
  131  11:26  Marine x2  
  131  11:28  Missile Turret  
  131  11:32  SCV  
  134  11:33  Missile Turret  
  134  11:35  Marine  
  133  11:40  Marine  
  133  11:41  Marine x2  
  133  11:42  SCV  
  133  11:43  SCV  
  138  11:51  Supply Depot  
  138  11:53  SCV  
  138  11:54  SCV x2  
  140  11:57  Supply Depot  
  140  12:01  Missile Turret x2  
  141  12:04  Marine x3  
  141  12:05  Marine x2  
  146  12:13  Marine  
  147  12:15  Supply Depot  
  147  12:16  Supply Depot  
  147  12:24  Barracks Tech Lab  
  145  12:40  Orbital Command  
  112  12:45  Marine  
  112  12:46  Marauder x2, Marine  
  109  12:51  Marine x2  
  109  12:52  Marine x2  
  109  12:53  Marine  
  109  12:54  SCV x2  
  109  12:55  SCV  
  112  13:03  Marine x2  
  114  13:06  SCV  
  114  13:07  Marine x2  
  114  13:09  Marine x3  
  114  13:10  Marine x2  
  116  13:19  SCV x2  
  117  13:21  Marine x2  
  117  13:22  SCV  
  117  13:25  Marine x2  
  122  13:27  Marine x3  
  125  13:41  Marine x4  
  125  13:43  Marauder, Marine  
  125  13:45  Marine x2  
  134  13:50  Marine  
  118  13:59  Marine x3  
  118  14:00  Marine  
  118  14:01  Marauder  
  109  14:02  Marine  
  109  14:04  Marine  
  109  14:05  Marauder  
  109  14:07  SCV  
  109  14:08  SCV, Marine  
  101  14:11  SCV  
  101  14:17  Marine x3  
  81  14:18  Marine  
  81  14:21  Marine  
  81  14:23  Marauder  
  82  14:25  SCV x3  
  82  14:26  Marauder  
  82  14:28  Marine  
  72  14:41  Marine x2  
  72  14:44  Marauder  
  72  14:46  Marine x2  
  72  14:47  Marauder  
  72  14:51  Marine  
  62  15:05  Marauder  
Show
View Real Time Build Order
Export as new Build Order

Gerodar Zerg - Winner!

Build Orders: Hatch First, Muta Ling Bane 

Get SALT Encoding   

  12  0:00  Drone  
  13  0:12  Overlord  
  13  0:17  Drone  
  14  0:31  Drone x2  
  14  0:34  Drone  
  17  0:52  Hatchery  
  17  0:55  Drone  
  17  1:00  Drone  
  18  1:10  Extractor  
  17  1:15  Spawning Pool  
  17  1:17  Drone  
  17  1:21  Drone  
  18  1:28  Drone  
  19  1:39  Overlord  
  19  1:49  Drone  
  20  2:01  Queen  
  20  2:02  Zergling x2  
  20  2:04  Queen  
  20  2:05  Zergling x2  
  26  2:12  Drone  
  26  2:13  Metabolic Boost  
  27  2:19  Drone  
  28  2:29  Drone x2  
  30  2:39  Drone x2  
  31  2:48  Hatchery  
  31  2:50  Pneumatized Carapace  
  30  2:53  Drone  
  31  3:00  Overlord  
  31  3:09  Drone x4  
  35  3:18  Queen  
  37  3:21  Overlord  
  37  3:26  Drone x2  
  40  3:27  Drone  
  40  3:35  Evolution Chamber  
  40  3:36  Drone x3  
  40  3:38  Drone  
  43  3:46  Zergling x4  
  43  3:47  Zergling x4  
  47  4:01  Overlord x2  
  47  4:11  Zerg Ground Armor Level 1  
  47  4:14  Extractor  
  46  4:22  Baneling Nest  
  45  4:27  Drone  
  45  4:28  Drone x4  
  50  4:35  Zergling x8  
  50  4:36  Overlord  
  54  4:42  Queen x2  
  54  4:44  Queen  
  60  4:48  Zergling x6  
  60  4:49  Zergling x4  
  65  5:14  Baneling x3  
  65  5:15  Baneling x4  
  65  5:17  Drone x3  
  65  5:18  Drone x3  
  65  5:19  Drone x7  
  78  5:25  Lair  
  77  5:39  Drone x4  
  77  5:41  Overlord x3  
  77  5:42  Overlord  
  81  5:50  Overlord  
  81  6:06  Drone x10  
  81  6:07  Extractor  
  90  6:21  Hatchery  
  90  6:22  Overlord x3  
  89  6:29  Centrifical Hooks  
  89  6:30  Zerg Ground Armor Level 2  
  89  6:32  Drone x6  
  95  6:35  Extractor  
  95  6:36  Extractor  
  93  6:41  Extractor, Drone x3  
  93  6:44  Queen x2  
  93  6:45  Queen  
  101  6:47  Drone x4  
  105  6:56  Spire  
  104  7:10  Zergling x10  
  104  7:11  Zergling x18  
  118  7:21  Overlord x4  
  114  7:30  Baneling x14  
  113  7:37  Overlord x3  
  113  7:38  Overlord  
  113  8:01  Zergling x2  
  113  8:02  Zergling x8  
  113  8:03  Zergling x4  
  120  8:06  Queen  
  120  8:09  Mutalisk, Hatchery  
  120  8:10  Mutalisk x5, Zerg Flyer Armor Level 1  
  120  8:12  Mutalisk  
  133  8:16  Overseer  
  133  8:17  Zergling x2  
  133  8:18  Zergling x18  
  142  8:34  Mutalisk x3  
  140  8:41  Drone x6  
  148  8:42  Zergling x2, Drone  
  148  8:43  Zergling x4  
  155  8:49  Zerg Melee Weapons Level 1  
  155  8:52  Infestation Pit  
  153  8:57  Extractor  
  153  9:01  Mutalisk x2  
  146  9:04  Zergling x18  
  138  9:21  Mutalisk x3  
  137  9:28  Zergling x22  
  148  9:39  Mutalisk x2, Hatchery  
  148  9:40  Mutalisk x2  
  155  9:51  Hive  
  130  10:08  Zergling x2  
  130  10:09  Zergling x18  
  127  10:22  Mutalisk  
  127  10:23  Mutalisk x4  
  133  10:32  Zergling x8  
  133  10:33  Zergling x14  
  133  10:34  Zerg Flyer Armor Level 2  
  144  10:40  Baneling  
  144  10:41  Baneling x2  
  144  10:55  Baneling x8  
  144  10:56  Baneling, Zergling x16  
  144  10:57  Zergling x20  
  161  11:01  Queen  
  164  11:06  Extractor  
  162  11:31  Overlord x3  
  162  11:32  Overlord  
  162  11:37  Zerg Ground Armor Level 3, Ultralisk Cavern  
  161  11:52  Baneling  
  161  11:53  Baneling x14  
  161  12:22  Hatchery  
  161  12:24  Hatchery  
  159  12:34  Mutalisk x6  
  157  12:40  Ultralisk x3  
  147  12:46  Zergling x12  
  147  12:47  Zergling x30  
  159  13:02  Ultralisk x2  
  166  13:17  Baneling  
  166  13:18  Baneling x16  
  162  13:38  Adrenal Glands  
  150  13:59  Ultralisk x3  
  157  14:04  Zergling x4  
  157  14:05  Zergling x34  
  146  14:28  Ultralisk x2  
  148  14:35  Baneling  
  148  14:36  Baneling x13  
  148  14:38  Zergling x2  
  148  14:39  Zergling x12  
  153  14:48  Zergling x12  
  153  14:49  Zergling x2  
Tags
 
Add a new tag
Caveats
  • Supply blocks, unpowered buildings, or Contaminate may cause inaccurate times.
  • Supply counts are checked every 10 seconds.